 Dungeon Crawl Stone Soup version 0.23-a0-270-gab6feb3 (webtiles) character file.

20199 tilp the Impaler (level 12, -5/92 HPs)
             Began as a Merfolk Ice Elementalist on Oct 1, 2018.
             Was a Priest of Makhleb.
             Slain by a komodo dragon (20 damage)
             ... on level 3 of the Lair of Beasts.
             The game lasted 01:04:47 (20864 turns).

tilp the Impaler (Merfolk Ice Elementalist)        Turns: 20864, Time: 01:04:49

Health: -5/92      AC: 15    Str: 14    XL:     12   Next: 77%
Magic:  11/21      EV: 18    Int: 20    God:    Makhleb [***...]
Gold:   451        SH:  0    Dex: 14    Spells: 13/23 levels left

rFire    + + .     SeeInvis .   A - +10 rapier of the End {vamp, *Slow rF++ MR+}
rCold    + . .     Gourm    .   (no shield)
rNeg     . . .     Faith    .   a - +3 leather armour of Igolauxe {rF+ Str+6 Stlth-}
rPois    .         Spirit   .   (no helmet)
rElec    .         Reflect  .   b - +0 cloak
rCorr    .         Harm     .   (no gloves)
MR       +....                  (no boots)
Stlth    +.........             (no amulet)
HPRegen  0.25/turn              r - ring of ice
MPRegen  0.17/turn              (no ring)

@: icy armour
A: change form in water, swift swim, stealthy swim
a: Minor Destruction, Lesser Servant of Makhleb, Renounce Religion


You were on level 3 of the Lair of Beasts.
You worshipped Makhleb.
Makhleb was most pleased with you.
You were hungry.

You visited 3 branches of the dungeon, and saw 16 of its levels.

You collected 915 gold pieces.
You spent 464 gold pieces at shops.

Inventory:

Hand Weapons
 u - a +1 halberd of chopping
 v - the +8 whip "Snakebite" {curare, rPois}
   (You found it on level 2 of the Lair of Beasts)

   It poisons the flesh of those it strikes.
   It protects you from poison.
 A - the +10 rapier of the End (weapon) {vamp, *Slow rF++ MR+}
   (You found it on level 7 of the Dungeon)

   It inflicts no extra harm, but heals its wielder when it wounds a living foe.
   It greatly protects you from fire.
   It affects your resistance to hostile enchantments.
   It may slow you when you take damage.
Missiles
 m - 9 javelins (quivered)
 p - 11 tomahawks
 w - 5 throwing nets
 G - 5 silver javelins
Armour
 a - the +3 leather armour of Igolauxe (worn) {rF+ Str+6 Stlth-}
   (You bought it in a shop on level 10 of the Dungeon)

   It affects your strength (+6).
   It protects you from fire.
   It makes you less stealthy.
 b - a +0 cloak (worn)
 d - a scarf of resistance
 h - a scarf of cloud immunity
 o - the +8 ring mail of Faic {rC+}
   (You found it on level 7 of the Dungeon)

   It protects you from cold.
 B - the +1 robe "Unwocamu" {rPois Str+2}
   (You found it on level 7 of the Dungeon)

   It affects your strength (+2).
   It protects you from poison.
 I - the cursed +1 ring mail of Iggytuh {rPois rC+ Int-3, unknown}
   (You found it on level 3 of the Lair of Beasts)

   It affects your intelligence (-3).
   It protects you from cold.
   It protects you from poison.
   It has a curse placed upon it.
Jewellery
 i - an uncursed ring of poison resistance {unknown}
 r - a ring of ice (left hand)
 y - an uncursed amulet of faith
 E - a +2 ring of protection {unknown}
Wands
 C - a wand of iceblast (16)
 J - a wand of clouds (6)
 K - a wand of flame (48)
 L - a wand of disintegration (15)
 M - a wand of paralysis (6)
Scrolls
 g - 3 scrolls of remove curse
 k - 5 scrolls of fog
 n - 2 scrolls of amnesia
 q - 4 scrolls of teleportation
 s - 4 scrolls of enchant armour
 t - a scroll of blinking
 x - 5 scrolls of enchant weapon
 z - 2 scrolls of fear
 D - a scroll of brand weapon
 H - 6 scrolls of identify
Potions
 e - 2 potions of berserk rage
 f - a potion of brilliance
 j - 2 potions of flight
 l - a potion of mutation
 O - a potion of curing
Miscellaneous
 N - a phial of floods
Comestibles
 c - 10 rations


   Skills:
 - Level 8.0 Fighting
 - Level 16.0 Polearms
 - Level 10.0 Dodging
 - Level 2.1 Stealth
 - Level 6.0 Spellcasting
 - Level 2.0 Conjurations
 - Level 4.0 Charms
 + Level 6.6 Ice Magic
 + Level 5.6 Invocations
 + Level 8.3 Evocations


You had 13 spell levels left.
You knew the following spells:

 Your Spells              Type           Power        Failure   Level  Hunger
a - Freeze                Ice            ####         1%          1    None
b - Throw Frost           Conj/Ice       #####.       3%          2    None
c - Ozocubu's Armour      Chrm/Ice       #####...     4%          3    ##.....
d - Throw Icicle          Conj/Ice       #####...     22%         4    ####...

Your spell library contained the following spells:

 Spells                   Type           Power        Failure   Level  Hunger
 Ensorcelled Hibernation  Hex/Ice        ####..       4%          2    None
 Confusing Touch          Hex            #.....       13%         1    None
 Corona                   Hex            #......      13%         1    None
 Dazzling Spray           Conj/Hex       ##....       26%         3    ##.....
 Summon Ice Beast         Ice/Summ       ####....     32%         4    ####...
 Confuse                  Hex            #.......     36%         3    ##.....
 Gell's Gravitas          Tloc           #.........   36%         3    ##.....
 Tukima's Dance           Hex            #.......     36%         3    ##.....
 Metabolic Englaciation   Hex/Ice        ####......   67%         5    #####..
 Petrify                  Tmut/Erth      #.......     78%         4    ####...
 Yara's Violent Unravell  Hex/Tmut       #.........   98%         5    #####..


Dungeon Overview and Level Annotations

Branches:
Dungeon (11/15)            Temple (1/1) D:5            Lair (4/6) D:9
  Snake (0/4) Lair:3
  Swamp: Lair:2-4    Shoals: Lair:2-4       Orc: D:9-12

Altars:
Ashenzari
Cheibriados
Dithmenos
Elyvilon
Fedhas
Gozag
Hepliaklqana
Kikubaaqudgha
Makhleb
Nemelex Xobeh
Okawaru
Qazlal
Ru
Sif Muna
Trog
Uskayaw
Vehumet
Wu Jian
Xom
Yredelemnul
Zin
The Shining One

Shops:
D:10 *

Annotations:
D:5 Grinder
D:6 3 runed doors, mandick's ghost, novice DsTm
Lair:3 exclusion: oklob plant


Message History

Aim: a blink frog You feel a surge of power!
You freeze the blink frog.
The blink frog seems to slow down.
The blink frog is lightly wounded.
The komodo dragon bites you! The blink frog hits you!
The blink frog completely misses you.
Casting: Freeze (safe; 1% risk of failure)
Confirm with . or Enter, or press ? or * to list all spells.
You feel a surge of power! A film of ice covers your body!
The komodo dragon barely misses you. The blink frog completely misses you.
The blink frog closely misses you.
Okay, then.
A demon appears!
The komodo dragon completely misses you.
The blink frog hits you!
* * * LOW HITPOINT WARNING * * *
A demon appears!
The blink frog is no longer moving slowly.
The komodo dragon bites you!!
You die...

# ### #...................... #
#..............P###....
#.............P....P... ##
#######.............#........
.####.##PP#....###+.###.#........
......................#.#........
..####.##......#......#.#........
..# #.#.......#FF3...#.#........
..# ####.......@.......#........
..# #........4.l....#..........
..#####.#.............#..........
...............#......#.#........
#.#...P..#............+......#...
...............#......#..........
...........P..........P..........
...........P...#P.#.#............
...........................P...##


You could see a komodo dragon, 2 blink frogs, a friendly orange demon and a
friendly smoke demon.

Vanquished Creatures
  Josephine (D:11)
  Harold (D:7)
  A hydra (Lair:1)
  A two-headed ogre (D:10)
  Urug (Lair:3)
  4 elephants
  5 black mambas
  A spiny frog (Lair:1)
  A centaur skeleton (D:8)
  3 komodo dragons
  4 hippogriffs
  5 blink frogs (Lair:1)
  2 wraiths
  2 hungry ghosts
  9 yaks
  Menkaure (D:7)
  2 nagas (Lair:3)
  3 orc warriors
  2 porcupines (Lair:1)
  8 water moccasins
  An eye of draining (D:8)
  A sky beast (D:11)
  2 black bears
  2 necrophages
  7 ogres
  3 phantoms
  11 wolves
  6 centaurs
  2 crocodiles (Lair:3)
  11 bullfrogs
  A big kobold (D:9)
  A gnoll sergeant (D:10)
  2 wyvern zombies
  4 scorpions
  A wyvern skeleton (D:11)
  6 killer bees (D:8)
  5 wights (D:7)
  A howler monkey (D:4)
  3 crimson imps
  2 bullfrog zombies
  13 hounds
  5 jellies
  12 orc wizards
  A centaur zombie (D:6)
  5 orc priests
  A bullfrog skeleton (D:9)
  2 iguanas
  10 worker ants
  A hound skeleton (D:5)
  2 worker ant zombies
  8 gnolls
  11 adders
  3 shadow imps
  2 adder zombies (D:6)
  4 worms
  4 dart slugs
  2 leopard geckos
  46 orcs
  5 ball pythons
  5 giant cockroaches
  5 goblins (D:1)
  10 hobgoblins
  8 jackals
  5 quokkas
  4 bats
  7 frilled lizards
  A jackal skeleton (D:7)
  11 kobolds
  9 rats
331 creatures vanquished.

Vanquished Creatures (collateral kills)
  A hydra (Lair:2)
  A black mamba (Lair:1)
  A komodo dragon (Lair:1)
  2 blink frogs (Lair:1)
  A porcupine (Lair:1)
  A big kobold (D:11)
7 creatures vanquished.

Vanquished Creatures (others)
  14 fungi
  4 plants
18 creatures vanquished.

Grand Total: 356 creatures vanquished

Notes
Turn   | Place    | Note
-------+----------+-------------------------------------------
     0 | D:1      | tilp the Merfolk Ice Elementalist began the quest for the
                  | Orb.
     0 | D:1      | Reached XP level 1. HP: 13/13 MP: 3/3
   261 | D:1      | Reached XP level 2. HP: 10/19 MP: 0/5
   400 | D:1      | Learned a level 2 spell: Throw Frost
   822 | D:1      | Reached XP level 3. HP: 20/24 MP: 2/6
   834 | D:1      | Learned a level 3 spell: Ozocubu's Armour
  1015 | D:2      | Found a basalt altar of Yredelemnul.
  1201 | D:2      | Reached skill level 5 in Ice Magic
  1248 | D:2      | Reached XP level 4. HP: 13/30 MP: 0/7
  1484 | D:2      | You fall through a shaft for 2 floors!
  1497 | D:4      | Reached XP level 5. HP: 18/35 MP: 0/8
  1881 | D:4      | Reached skill level 1 in Fighting
  2583 | D:3      | Reached XP level 6. HP: 46/47 MP: 3/9
  2648 | D:3      | Found an iron altar of Okawaru.
  3918 | D:4      | Reached skill level 1 in Polearms
  4159 | D:4      | Found a hide-covered altar of Uskayaw.
  4164 | D:4      | Reached skill level 2 in Polearms
  4384 | D:4      | Reached skill level 3 in Polearms
  4520 | D:4      | Reached skill level 4 in Polearms
  4520 | D:4      | Reached XP level 7. HP: 44/54 MP: 0/10
  4645 | D:4      | Found a glowing silver altar of Zin.
  4646 | D:4      | Found a white marble altar of Elyvilon.
  4646 | D:4      | Found a glowing golden altar of the Shining One.
  4706 | D:5      | Entered Level 5 of the Dungeon
  4755 | D:5      | Reached skill level 5 in Polearms
  5088 | D:5      | Noticed Grinder
  5186 | D:5      | Found a staircase to the Ecumenical Temple.
  5189 | D:5      | Reached skill level 5 in Dodging
  5207 | Temple   | Entered the Ecumenical Temple
  5325 | Temple   | Became a worshipper of Makhleb the Destroyer
  5386 | D:5      | Reached skill level 6 in Polearms
  5515 | D:5      | Reached XP level 8. HP: 45/60 MP: 8/11
  5858 | D:5      | Found a basalt altar of Yredelemnul.
  5869 | D:5      | Reached skill level 7 in Polearms
  6002 | D:6      | Reached skill level 8 in Polearms
  6162 | D:6      | Found a runed gate.
  6199 | D:6      | Found a stormy altar of Qazlal.
  6200 | D:6      | Found a runed gate.
  6200 | D:6      | Found a runed gate.
  6201 | D:6      | Found a shattered altar of Ashenzari.
  6212 | D:6      | Noticed mandick's ghost (novice DsTm)
  6333 | D:6      | Reached skill level 9 in Polearms
  6765 | D:6      | Reached skill level 10 in Polearms
  7136 | D:6      | Reached skill level 11 in Polearms
  7328 | D:6      | Found a snail-covered altar of Cheibriados.
  7337 | D:6      | Reached * piety under Makhleb
  7446 | D:6      | Reached XP level 9. HP: 65/65 MP: 2/12
  7590 | D:6      | Reached skill level 12 in Polearms
  7632 | D:6      | Found a shimmering altar of Xom.
  7794 | D:6      | Reached skill level 1 in Conjurations
  8046 | D:7      | Got a scorched ring mail
  8064 | D:7      | Identified the +8 ring mail of Faic {rC+} (You found it on
                  | level 7 of the Dungeon)
  8224 | D:7      | Noticed Menkaure
  8232 | D:7      | Reached skill level 1 in Charms
  8232 | D:7      | Reached skill level 1 in Invocations
  8242 | D:7      | Killed Menkaure
  8568 | D:7      | Found a sparkling altar of Nemelex Xobeh.
  8707 | D:7      | Reached ** piety under Makhleb
  9378 | D:7      | Noticed Harold
  9388 | D:7      | Killed Harold
  9388 | D:7      | Reached skill level 13 in Polearms
  9388 | D:7      | Reached XP level 10. HP: 33/71 MP: 10/15
  9777 | D:7      | Got a shimmering rapier
  9787 | D:7      | Got a heavily jewelled robe
  9788 | D:7      | Identified the +1 robe "Unwocamu" {rPois Str+2} (You found
                  | it on level 7 of the Dungeon)
 10613 | D:8      | Reached skill level 5 in Invocations
 10692 | D:8      | Identified the +10 rapier of the End {vamp, *Slow rF++ MR+}
                  | (You found it on level 7 of the Dungeon)
 10887 | D:8      | Reached skill level 5 in Spellcasting
 11410 | D:9      | Found a staircase to the Lair.
 11485 | D:9      | Reached skill level 14 in Polearms
 11486 | D:9      | Reached *** piety under Makhleb
 12125 | D:9      | Found a deep blue altar of Sif Muna.
 12164 | D:10     | Entered Level 10 of the Dungeon
 12766 | D:10     | Reached skill level 15 in Polearms
 12851 | D:10     | Found Joqiob's General Store.
 12860 | D:10     | Bought the +3 leather armour of Igolauxe {rF+ Str+6 Stlth-}
                  | for 464 gold pieces
 12886 | D:10     | Noticed a two-headed ogre
 12906 | D:10     | Killed a two-headed ogre
 12906 | D:10     | Reached XP level 11. HP: 43/77 MP: 13/20
 13410 | D:11     | Reached skill level 1 in Evocations
 13601 | D:11     | Reached skill level 16 in Polearms
 13722 | D:11     | Noticed Josephine
 13747 | D:11     | Killed Josephine
 13751 | D:11     | HP: 3/77 [wraith[Josephine] (10)]
 14479 | D:11     | Reached skill level 5 in Evocations
 14505 | D:11     | Noticed a soul eater
 14505 | D:11     | Found a shadowy altar of Dithmenos.
 14524 | D:11     | HP: 3/77 [soul eater/drain life[a kobold demonologist] (1)]
 14813 | Lair:1   | Entered Level 1 of the Lair of Beasts
 14839 | Lair:1   | Noticed a four-headed hydra
 14849 | Lair:1   | Killed a four-headed hydra
 16924 | Lair:1   | Got a dazzling long sword
 16967 | Lair:1   | Reached skill level 5 in Fighting
 16967 | Lair:1   | Reached XP level 12. HP: 49/86 MP: 16/21
 17175 | Lair:1   | Identified the +6 long sword of Hugeump {drain, -Tele rElec
                  | rC+ Dex+2} (You found it on level 1 of the Lair of Beasts)
 17441 | Lair:2   | Noticed a four-headed hydra
 17451 | Lair:2   | Killed a four-headed hydra
 17988 | Lair:2   | Found the +8 whip "Snakebite" {curare, rPois}
 17994 | Lair:2   | HP: 4/91 [poisoned by a water moccasin]
 19091 | Lair:3   | Noticed Urug
 19656 | Lair:3   | Found a staircase to the Snake Pit.
 20007 | Lair:3   | Killed Urug
 20011 | Lair:3   | Reached skill level 10 in Dodging
 20200 | Lair:3   | Got an encrusted ring mail
 20828 | Lair:3   | Learned a level 4 spell: Throw Icicle
 20864 | Lair:3   | Slain by a komodo dragon

Vault maps used:
D:1:      co_arrival_random_square_maze
D:2:      yredelemnul_altar_generic
D:3:      okawaru_ov_weapons_minmay, serial_forest,
          infiniplex_forest_clump_small, infiniplex_forest_clump_long,
          infiniplex_forest_lined_3_way, infiniplex_forest_side_room,
          infiniplex_forest_clump_diagonal, infiniplex_forest_lined_ring,
          infiniplex_forest_clump_cross
D:4:      good_gods_temple_1, old_standard_altar
D:5:      nicolae_overflow_crystal_walls, minmay_temple_entry_glass,
          first_ration, uniq_grinder
D:6:      lemuel_round_altar, xom_butterflies, grunt_temple_overflow_open,
          gammafunk_ghost_nasty_kobolds
D:7:      nemelex_xobeh_ov_fountains_minmay, uniq_menkaure, uniq_harold
D:9:      lemuel_blue_sif_altar, lair_entry_dummy
D:10:     serial_shops, shop
D:11:     nicolae_dithmenos_the_darkroom, uniq_josephine
Temple:   jpeg_temple_alley_garden
Lair:1:   beast_lair_carwin_large_4, grunt_forest_small_clearings
Lair:2:   minmay_guarded_unrand_snakebite
Lair:3:   guppyfry_snake_entry_garden, uniq_urug
Lair:4:   swamp_mist_pool

Skill      XL: |  1  2  3  4  5  6  7  8  9 10 11 12 |
---------------+-------------------------------------+-----
Ice Magic      | 4 5 6 |  6.6
Fighting       | 3 4 5 8 |  8.0
Dodging        | 3 4 5 6 10 | 10.0
Polearms       | 4 6 11 13 15 16 | 16.0
Conjurations   | 2 |  2.0
Charms         | 3 4 |  4.0
Invocations    | 3 5 |  5.6
Spellcasting   | 3 6 |  6.0
Evocations     | 8 |  8.3
Stealth        | |  2.1

Action                   |  1- 3 |  4- 6 |  7- 9 | 10-12 || total
-------------------------+-------+-------+-------+-------++-------
Melee: Dagger            |    30 |    70 |    24 |       ||   124
       Spear             |       |       |   294 |       ||   294
       Halberd           |       |       |    79 |   184 ||   263
       Rapier            |       |       |       |   684 ||   684
Throw: Javelin           |     1 |     4 |     7 |       ||    12
       Tomahawk          |       |       |     8 |       ||     8
 Cast: Freeze            |    50 |   111 |   112 |    76 ||   349
       Ozocubu's Armour  |       |     1 |    22 |    23 ||    46
       Throw Frost       |       |       |     1 |    24 ||    25
Invok: Lesser Servant of |       |       |       |    13 ||    13
       Minor Destruction |       |       |       |     3 ||     3
Evoke: Sack of spiders   |       |       |       |     3 ||     3
       Wand              |       |       |       |     3 ||     3
  Use: Scroll            |     4 |     2 |    11 |    16 ||    33
       Potion            |       |       |     3 |     6 ||     9
 Stab: Sleeping          |     1 |     5 |     9 |     1 ||    16
       Distracted        |       |       |     1 |       ||     1
       Paralysed         |       |       |       |     9 ||     9
  Eat: Chunk             |     2 |    12 |    16 |    20 ||    50
       Ration            |       |       |     1 |    11 ||    12
Armor: Robe              |    10 |    10 |    58 |       ||    78
       Ring mail         |       |       |       |   318 ||   318
       Leather armour    |       |       |       |   102 ||   102
Dodge: Dodged            |    49 |   100 |   236 |   731 ||  1116

Table legend:
 A = Non-vault XP
 B = Vault XP
 C = Vault XP percentage of total XP
 D = Non-vault monster count
 E = Vault monster count
 F = Vault count percentage of total count
                 A         B        C        D         E       F
            +---------+---------+-------+---------+---------+-------
      Total |   20451 |    8406 |  29.1 |     304 |      34 |  10.1
            +---------+---------+-------+---------+---------+-------
        D:1 |      40 |       0 |   0.0 |      26 |       0 |   0.0
        D:2 |      95 |       0 |   0.0 |      18 |       0 |   0.0
        D:3 |     144 |       0 |   0.0 |      28 |       0 |   0.0
        D:4 |     433 |       0 |   0.0 |      21 |       0 |   0.0
        D:5 |     541 |       0 |   0.0 |      16 |       0 |   0.0
        D:6 |    1517 |       0 |   0.0 |      38 |       0 |   0.0
        D:7 |     909 |    1174 |  56.4 |      17 |       2 |  10.5
        D:8 |    2012 |       0 |   0.0 |      31 |       0 |   0.0
        D:9 |     942 |     301 |  24.2 |      22 |       3 |  12.0
       D:10 |    2074 |       0 |   0.0 |      24 |       0 |   0.0
       D:11 |    2345 |    1293 |  35.5 |      28 |       2 |   6.7
     Lair:1 |    3686 |    1731 |  32.0 |      15 |      11 |  42.3
     Lair:2 |    3411 |    2754 |  44.7 |       9 |      13 |  59.1
     Lair:3 |    2212 |    1153 |  34.3 |      10 |       3 |  23.1
     Lair:4 |      90 |       0 |   0.0 |       1 |       0 |   0.0
            +---------+---------+-------+---------+---------+-------
